AoeStats
← 13645570128

Arena

509113131Analyzed
1v1 RM · 7d ago on Sep 25, 2026· 35m 26s· 2 players
Game mode
Random Map
Map size
Tiny (2 player)
Population
200
Speed
Normal
Resources
Standard
Victory
Conquest
Starting age
Dark Age
Ending age
Imperial Age
RankedLock teamsTeams togetherTeam positionsShared explorationLock speedFull tech treeHidden civsTurbo modeCheats
Victory
Defeat
🇨🇿 Britons · Czechia
879
+15
🇭🇰 Mongols · Hong Kong SAR China
851
-41
13645570128
8:55 Feudal Age
11:05 Double-Bit Axe
13:39 Wheelbarrow
21:26 Castle Age
23:49 Bow Saw
27:13 Stone Mining
28:07 Bow Saw
29:56 Hand Cart
30:07 Gold Mining
32:31 Gold Shaft Mining
32:26 Fletching
xronin159
5:40 Loom
10:49 Feudal Age
17:50 Castle Age
16:16 Double-Bit Axe
16:29 Horse Collar
17:06 Gold Mining
20:58 Crossbowman
21:32 Fletching
23:43 Town Watch
24:40 Wheelbarrow
25:58 Bodkin Arrow
31:11 Imperial Age
29:51 Bodkin Arrow
29:58 Padded Archer Armor
30:46 Hand Cart
32:14 Conscription
32:18 Arbalester
33:53 Ballistics
35:33 Chemistry
36:04 Yeomen
Connection lost

Rejoining the realm…

Still unreachable

The connection could not be restored.

Session expired

The server has moved on; the page needs a fresh start.